 Dungeon Crawl Stone Soup version 0.29.1-1-gd02db6906a (webtiles) character file.

Game seed: 8720002744501583005

312 Iusername the Covered (level 6, -7/48 (53) HPs)
             Began as a Minotaur Fighter on Sept 15, 2022.
             Mangled by a wight
             ... wielding a +1 vampiric trident
              (10 damage)
             ... in an ossuary.
             The game lasted 00:06:42 (4167 turns).

Iusername the Covered (Minotaur Fighter)            Turns: 4167, Time: 00:06:43

HP:   -7/48 (53)    AC:  7    Str: 23    XL:     6   Next: 18%
MP:   5/5           EV: 10    Int:  5    God:
Gold: 67            SH:  4    Dex:  9    Spells: 5/5 levels left

rFire   . . .      SeeInvis .   a - +0 long sword
rCold   . . .      Faith    .   c - +0 buckler
rNeg    . . .      Spirit   .   b - +0 scale mail
rPois   +          Reflect  .   (helmet restricted)
rElec   .          Harm     .   (no cloak)
rCorr   .          Rampage  .   (no gloves)
Will    .....                   (no boots)
Stlth   ..........              (no amulet)
HPRegen 0.16/turn               k - ring of poison resistance
MPRegen 0.09/turn               (no ring)

@: drained
A: horns 2, retaliatory headbutt
a: no special abilities


You were in an ossuary.
You visited 1 branch of the dungeon, and saw 4 of its levels.
You also visited: Ossuary.

You collected 67 gold pieces.

Inventory:

Hand Weapons
 a - a +0 long sword (weapon)
Armour
 b - a +0 scale mail (worn)
 c - a +0 buckler (worn)
Jewellery
 k - a ring of poison resistance (left hand)
 o - an amulet of faith
Wands
 z - a wand of acid (8)
 A - a wand of mindburst (20)
 C - a wand of charming (8)
Scrolls
 d - a scroll of enchant weapon {unknown}
 e - 7 scrolls of identify {unknown}
 h - 3 scrolls of amnesia {unknown}
 i - a scroll of fear {unknown}
 l - a scroll of blinking {unknown}
 r - a scroll of enchant armour {unknown}
 s - 2 scrolls of butterflies {unknown}
 u - a scroll of silence {unknown}
 w - a scroll of vulnerability {unknown}
 x - 2 scrolls of poison {unknown}
 y - 2 scrolls of magic mapping {unknown}
 B - a scroll of teleportation {unknown}
Potions
 f - 2 potions of degeneration {unknown}
 g - 2 potions of magic
 j - 3 potions of haste {unknown}
 m - 2 potions of invisibility {unknown}
 n - a potion of curing {unknown}
 p - 2 potions of attraction {unknown}
 q - a potion of lignification {unknown}
 t - a potion of berserk rage {unknown}
 v - a potion of heal wounds {unknown}
 D - a potion of mutation {unknown}


   Skills:
 + Level 4.3 Fighting
 + Level 5.1 Long Blades
 + Level 5.1 Armour
 + Level 1.4 Dodging
 + Level 0.4 Stealth
 + Level 5.0 Shields


You had 5 spell levels left.
You didn't know any spells.
Your spell library contained the following spells:

 Spells                   Type           Power      Damage    Failure   Level
 Summon Small Mammal      Summ           0%         N/A       86%         1
 Call Canine Familiar     Summ           0%         N/A       99%         3
 Gell's Gravitas          Tloc           0%         N/A       99%         3
 Summon Guardian Golem    Hex/Summ       0%         N/A       99%         3
 Teleport Other           Tloc           0%         N/A       99%         3
 Dispersal                Tloc           0%         N/A       100%        6


Dungeon Overview and Level Annotations

Branches:
Dungeon (4/15)            Ossuary (1/1)
 Temple: D:4-7

Altars:
Ashenzari
Kikubaaqudgha

Shops:
D:1 ?   D:2 !   D:3 *


Innate Abilities, Weirdness & Mutations

You have a pair of horns on your head.
You reflexively headbutt those who attack you in melee.


Message History

The wight is almost destroyed.
The wight barely misses you. You furiously retaliate!
You headbutt the wight.
You destroy the wight!
Your Long Blades skill increases to level 5!
Your Shields skill increases to level 5!
You have reached level 6!
You start resting.
You start resting.
HP restored.
You start waiting.
Done waiting.
You start waiting.
Done waiting.
The flying skull gives a hideous shriek!
You open the door.
A wight comes into view. It is wielding a +1 vampiric trident.
The wight hits you from afar with a +1 vampiric trident!
The wight hits you with a +1 vampiric trident!
There is an open door, spattered with blood here.
You barely miss the wight. Your headbutt misses the wight.
The wight hits you with a +1 vampiric trident.
You feel drained.
The wight hits you with a +1 vampiric trident!
You barely miss the wight. You headbutt the wight.
The wight is lightly damaged.
The wight hits you with a +1 vampiric trident!
You feel drained.
* * * LOW HITPOINT WARNING * * *
The wight draws strength from your wounds!
You hit the wight.
The wight is moderately damaged.
The wight hits you with a +1 vampiric trident.
* * * LOW HITPOINT WARNING * * *
It was a potion of magic.
Magic courses through your body.
The wight hits you with a +1 vampiric trident.
* * * LOW HITPOINT WARNING * * *
The wight draws strength from your wounds!
You hit the wight but do no damage.
The wight hits you with a +1 vampiric trident!
You die...

#.###..###..###.# ### #######
#...............# #W# #.....#
#.###.......###.###▓#####.8.8.#
#.# #...?...#z#.'.....'.......'
#.###.......###.###▓#####.8.8.#
#...............# #z# #.....#
#.###..###..###.# ### #######
#.#)#..#z#..#z#.#
#.'##..###..##@.#
#...............#
#################


You could see a wight.

Vanquished Creatures
  A steam dragon (D:4)
  A wight (Ossuary)
  An iguana (D:3)
  A mummy (D:4)
  3 adders
  An adder zombie (Ossuary)
  A dart slug (D:3)
  An orc (D:3)
  5 ball pythons
  6 endoplasms
  3 giant cockroaches
  7 goblins
  8 hobgoblins
  5 jackals
  A kobold (D:3)
  3 quokkas
  A ball python skeleton (Ossuary)
  6 bats
  A frilled lizard (D:1)
  2 hobgoblin skeletons (Ossuary)
  4 kobold zombies (Ossuary)
  An orc skeleton (Ossuary)
  An orc zombie (Ossuary)
  4 rats
  2 toadstools (D:1)
70 creatures vanquished.

Vanquished Creatures (others)
  2 toadstools (D:1)
2 creatures vanquished.

Grand Total: 72 creatures vanquished

Notes
Turn   | Place    | Note
-------+----------+-------------------------------------------
     0 | D:1      | Iusername the Minotaur Fighter began the quest for the Orb.
     0 | D:1      | Reached XP level 1. HP: 19/19 MP: 0/0
   403 | D:1      | Reached XP level 2. HP: 27/27 MP: 1/1
   647 | D:1      | Found a faded altar of an unknown god.
   667 | D:1      | Found Sialuqam's Magic Scroll Shoppe.
   846 | D:2      | Found Fawiderow's Distillery.
   972 | D:2      | Reached XP level 3. HP: 20/33 MP: 2/2
  2097 | D:3      | Reached XP level 4. HP: 40/40 MP: 3/3
  2320 | D:3      | Found a large runed translucent door.
  2321 | D:3      | Found a large runed translucent door.
  2385 | D:3      | Found an ancient bone altar of Kikubaaqudgha.
  2397 | D:3      | Found a broken altar of Ashenzari.
  2684 | D:3      | Found Najic's Assorted Antiques.
  2802 | D:4      | Noticed a steam dragon
  2810 | D:4      | Killed a steam dragon
  2811 | D:4      | Reached skill level 1 in Dodging
  2811 | D:4      | Reached XP level 5. HP: 5/46 MP: 4/4
  3334 | D:4      | Found a sand-covered staircase.
  3340 | D:4      | Reached skill level 5 in Armour
  3343 | Ossuary  | Entered an ossuary
  3713 | Ossuary  | Noticed a wraith
  3713 | Ossuary  | Noticed a flying skull
  3730 | Ossuary  | Noticed a flying skull
  3740 | Ossuary  | Noticed a flying skull
  3766 | Ossuary  | Reached skill level 5 in Long Blades
  3766 | Ossuary  | Reached skill level 5 in Shields
  3766 | Ossuary  | Reached XP level 6. HP: 21/52 MP: 5/5
  4153 | Ossuary  | Noticed a flying skull
  4167 | Ossuary  | Mangled by a wight

Illustrated notes

Levels and vault maps discovered:
D:1:      ldierk_water_garden, layout_loops_ring, serial_shops,
          nicolae_square_shop, hellmonk_ecumenical_altar_leap_of_faith
D:2:      layout_basic, serial_shops, shop, minmay_misc_feat_nine_boxes
D:3:      layout_rooms, jmf_multi_god_temple2, serial_shops, nicolae_square_shop
D:4:      layout_rooms, gup_ossuary_entry_pyramid
Ossuary:  ossuary_due_cavern

Skill      XL: |  1  2  3  4  5 |
---------------+----------------+-----
Shields        | 4 5 |  5.0
Fighting       | 4 |  4.3
Long Blades    | 3 4 5 |  5.1
Armour         | 4 5 |  5.1
Dodging        | 1 |  1.4
Stealth        | |  0.4

Action                   |  1- 3 |  4- 6 || total
-------------------------+-------+-------++-------
Melee: Long sword        |   101 |    85 ||   186
       Headbutt          |    15 |    12 ||    27
  Use: Potion            |       |     2 ||     2
Armor: Scale mail        |    41 |    29 ||    70
Dodge: Dodged            |    39 |    26 ||    65
Block: Buckler           |    31 |    22 ||    53
